[Event "Titled Tuesday Blitz March 28 Late 2023"]
[White "Stead, Kerry"]
[Black "Sanchez, Robert"]
[WhiteFideId "3202577"]
[BlackFideId "2034360"]
[WhiteElo "1997"]
[BlackElo "2066"]
[Result "1-0"]
[Round "09"]
[TimeControl "180+2"]
[Date "2023.03.28"]
[WhiteClock "0:00:44"]
[BlackClock "0:02:51"]

1. d4 d5 2. e4 e6 3. Be3 dxe4 4. Nd2 Nf6 5. f3 exf3 6. Ngxf3 Nd5 7. Qe2 Be7 8. c3 Nxe3 9. Qxe3 O-O 10. Bd3 Nd7 1-0


[Site "https://www.chess.com"]

[Event "Titled Tuesday Blitz March 28 Late 2023"]
[White "Paravyan, David"]
[Black "Sadhwani, Raunak"]
[WhiteFideId "4194985"]
[BlackFideId "35093487"]
[WhiteElo "2577"]
[BlackElo "2631"]
[Result "1-0"]
[Round "10"]
[TimeControl "180+2"]
[Date "2023.03.28"]
[WhiteClock "0:00:26"]
[BlackClock "0:00:01"]

1. e4 e5 2. Nf3 Nc6 3. Bb5 Nf6 4. O-O Nxe4 5. Re1 Nd6 6. Nxe5 Be7 7. Bf1 Nxe5 8. Rxe5 O-O 9. d4 Bf6 10. Re1 Re8 11. c3 Rxe1 12. Qxe1 Ne8 13. Bf4 d5 14. Nd2 g6 15. Qe2 c6 16. Re1 Ng7 17. h3 h5 18. Nb3 Bf5 19. Nc5 Ne6 20. Nxe6 Bxe6 21. Be5 Bxe5 22. Qxe5 Qf8 23. Qc7 Qc8 24. Qe7 Qd7 25. Qf6 Re8 26. Bd3 Qe7 27. Qf4 Kg7 28. Re3 Qf6 29. Qc7 Qe7 30. Qa5 a6 31. Qb6 Qd7 32. a4 h4 33. b4 Re7 34. Qc5 Re8 35. Bf1 Bf5 36. Re5 f6 37. Re3 Kf7 38. Qb6 Rxe3 39. fxe3 Qe7 40. Kf2 Bc2 41. b5 Bxa4 42. bxa6 bxa6 43. Qxa6 Qa3 44. Be2 Qa2 45. Kf3 f5 46. Kf4 Kg7 47. Kg5 Qd2 48. Qa7+ Kf8 49. Kf6 1-0


[Site "https://www.chess.com"]

[Event "Titled Tuesday Blitz March 28 Late 2023"]
[White "Durarbayli, Vasif"]
[Black "Lazavik, Denis"]
[WhiteFideId "13402935"]
[BlackFideId "13515110"]
[WhiteElo "2543"]
[BlackElo "2560"]
[Result "0-1"]
[Round "10"]
[TimeControl "180+2"]
[Date "2023.03.28"]
[WhiteClock "0:00:02"]
[BlackClock "0:00:49"]

1. e4 c5 2. Nf3 e6 3. Nc3 Nc6 4. d4 cxd4 5. Nxd4 Qc7 6. Be3 a6 7. Qf3 b5 8. Nxc6 Qxc6 9. Bd3 Ba3 10. bxa3 Qxc3+ 11. Ke2 Nf6 12. Bd2 Qc5 13. Qg3 Nh5 14. Qg4 Bb7 15. f4 g6 16. Bb4 Qc7 17. e5 f5 18. Qg5 Qd8 19. Qxd8+ Rxd8 20. g3 Bxh1 21. Rxh1 Kf7 22. a4 bxa4 23. Bxa6 h6 24. Ke3 g5 25. Be2 Ng7 26. Rd1 Kg6 27. c4 Rb8 28. a3 Rb7 29. Bf3 Rc7 30. Rd4 g4 31. Bd1 Ra8 32. Kd3 h5 33. Kc3 h4 34. Rd3 hxg3 35. hxg3 Nh5 36. c5 Ng7 37. Kc4 Ne8 38. Kb5 Rb7+ 39. Kc4 Kf7 40. Rd2 Rc7 41. Kb5 Rca7 42. Kc4 Ng7 43. Be2 Rh8 44. Bf1 Rh1 45. Bg2 Rh2 46. c6 dxc6 47. Bc5 Rb7 48. Bg1 Rxg2 49. Rxg2 Rb3 0-1


[Site "https://www.chess.com"]

[Event "Titled Tuesday Blitz March 28 Late 2023"]
[White "Kamsky, Gata"]
[Black "Sargsyan, Shant"]
[WhiteFideId "2000024"]
[BlackFideId "13306766"]
[WhiteElo "2666"]
[BlackElo "2628"]
[Result "0-1"]
[Round "10"]
[TimeControl "180+2"]
[Date "2023.03.28"]
[WhiteClock "0:00:05"]
[BlackClock "0:00:05"]

1. e4 g6 2. d4 Bg7 3. c3 d6 4. Nf3 Nf6 5. Bd3 O-O 6. O-O Nbd7 7. Bg5 h6 8. Bh4 e5 9. Nbd2 Qe8 10. Re1 Nh5 11. Nc4 Nb6 12. Ne3 Nf4 13. Bf1 a5 14. Qc2 a4 15. dxe5 dxe5 16. Nd2 Be6 17. Ndc4 Nxc4 18. Bxc4 Bxc4 19. Nxc4 Qc6 20. Ne3 b5 21. Rad1 Qe6 22. b3 axb3 23. axb3 c6 24. Bg3 Rfd8 25. Rxd8+ Rxd8 26. Rd1 Ra8 27. h3 h5 28. c4 b4 29. Qd2 Bf8 30. Nc2 Ra2 31. Ra1 Rxa1+ 32. Nxa1 Qf6 33. Nc2 h4 34. Bxf4 exf4 35. Nxb4 Qa1+ 36. Kh2 Qa5 37. Qxf4 Qxb4 38. Qxh4 Qxb3 39. e5 Qd3 40. Qg4 Kg7 41. g3 Bc5 42. Kg2 Qd4 43. Qxd4 Bxd4 44. f4 g5 45. Kf3 gxf4 46. Kxf4 Kg6 47. Ke4 Bf2 48. Kf3 Be1 49. Kf4 Bd2+ 50. Kg4 Bc1 51. h4 Bb2 52. Kf4 Bc1+ 53. Kg4 Bd2 54. h5+ Kh6 55. Kf5 Kxh5 56. Kf6 Bc3 57. c5 Bd4 58. Kxf7 Bxc5 59. Ke6 Bf8 60. Kf5 Kh6 61. Kf6 Kh5 62. Kf5 c5 63. g4+ Kh4 0-1


[Site "https://www.chess.com"]

[Event "Titled Tuesday Blitz March 28 Late 2023"]
[White "Bortnyk, Olexandr"]
[Black "Sarana, Alexey"]
[WhiteFideId "14120828"]
[BlackFideId "24133795"]
[WhiteElo "2734"]
[BlackElo "2714"]
[Result "1-0"]
[Round "10"]
[TimeControl "180+2"]
[Date "2023.03.28"]
[WhiteClock "0:00:05"]
[BlackClock "0:00:05"]

1. d4 Nf6 2. Nc3 d5 3. Bf4 a6 4. e3 c5 5. dxc5 e6 6. Na4 Nbd7 7. b4 b6 8. c6 Bxb4+ 9. c3 Ba5 10. cxd7+ Bxd7 11. Be5 Qe7 12. Qb3 O-O 13. Rc1 b5 14. Nb2 Rac8 15. Bd3 Ng4 16. Bg3 e5 17. Ne2 Be6 18. O-O e4 19. Bb1 d4 20. c4 d3 21. Nd4 Bd2 22. Nxe6 Qxe6 23. Rcd1 bxc4 24. Nxc4 Rxc4 25. Rxd2 Rfc8 26. h3 Nf6 27. a3 Qd7 28. Rfd1 Rc3 29. Qb4 h6 30. Be5 R3c4 31. Qb2 Nh5 32. g4 R8c5 33. Bd4 Rb5 34. Qa2 Rc8 35. a4 Rg5 36. f3 exf3 37. Rh2 Nf6 38. Bxf6 gxf6 39. Bxd3 Qc7 40. Qf2 Rd5 41. Qxf3 Rd6 42. Rhd2 Rc6 43. Bf5 Re8 44. Bd7 Rxe3 45. Qxe3 Rc3 46. Rd3 Rc2 47. R1d2 Rc1+ 48. Kg2 Qb7+ 49. Qf3 Qb1 50. Qf2 Rc5 51. Bf5 Qb7+ 52. Qf3 Qc7 53. Qe3 Rc1 54. Qxh6 Qc6+ 55. Rd5 Qb7 56. Qh7+ Kf8 57. Qh8+ Ke7 58. Qd8# 1-0


[Site "https://www.chess.com"]

[Event "Titled Tuesday Blitz March 28 Late 2023"]
[White "Firouzja, Alireza"]
[Black "Kramnik, Vladimir"]
[WhiteFideId "12573981"]
[BlackFideId "4101588"]
[WhiteElo "2904"]
[BlackElo "2712"]
[Result "1-0"]
[Round "10"]
[TimeControl "180+2"]
[Date "2023.03.28"]
[WhiteClock "0:00:04"]
[BlackClock "0:00:02"]

1. d4 Nf6 2. Nc3 d5 3. Bf4 c5 4. e3 cxd4 5. exd4 a6 6. Nf3 Nc6 7. Ne5 Bd7 8. g3 e6 9. Bg2 Qb6 10. Ne2 Be7 11. O-O O-O 12. c4 dxc4 13. Nxc4 Qa7 14. Qb3 Nd5 15. Bxd5 exd5 16. Nb6 Bg4 17. f3 Na5 18. Qxd5 Qxb6 19. fxg4 Rad8 20. Qf3 Nc6 21. Be3 Qb5 22. Nc3 Qxb2 23. Nd5 Qb5 24. Nxe7+ Nxe7 25. Rab1 Qd3 26. Rxb7 Nd5 27. Rb3 Qg6 28. Bf2 Rfe8 29. Qf5 Qc6 30. g5 Rd7 31. Qf3 Qa4 32. Re1 Rc8 33. Qf5 g6 34. Qg4 Qc6 35. Rf3 Rcd8 36. h4 Ne7 37. Rfe3 Nf5 38. Re8+ Rxe8 39. Rxe8+ Kg7 40. h5 Qc1+ 41. Kg2 h6 42. hxg6 fxg6 43. gxh6+ Qxh6 44. Qe4 Qg5 45. Qe5+ Qf6 46. Rg8+ Kf7 47. Rf8+ Kxf8 48. Qxf6+ Ke8 49. Qxg6+ Rf7 50. d5 1-0


[Site "https://www.chess.com"]

[Event "Titled Tuesday Blitz March 28 Late 2023"]
[White "Rasulov, Vugar"]
[Black "Fedoseev, Vladimir"]
[WhiteFideId "13402390"]
[BlackFideId "24130737"]
[WhiteElo "2509"]
[BlackElo "2752"]
[Result "1-0"]
[Round "10"]
[TimeControl "180+2"]
[Date "2023.03.28"]
[WhiteClock "0:00:11"]
[BlackClock "0:00:07"]

1. d4 Nf6 2. c4 g6 3. Nf3 Bg7 4. g3 O-O 5. Bg2 c5 6. O-O cxd4 7. Nxd4 Qc7 8. b3 Nc6 9. Bb2 Qb6 10. e3 d6 11. Nc3 Bg4 12. Qd2 Rac8 13. h3 Bd7 14. Rac1 Rfe8 15. Rfe1 a6 16. Kh2 Qa5 17. Red1 Nxd4 18. exd4 b5 19. Nd5 Qxa2 20. Nb6 Rb8 21. c5 dxc5 22. dxc5 Be6 23. f4 Qxb3 24. Be5 Rbd8 25. Qxd8 Rxd8 26. Rxd8+ Bf8 27. Rc3 Qa2 28. c6 b4 29. Rcd3 b3 30. Rd2 Qa5 31. Na8 Kg7 32. Nc7 Bc4 33. Ne8+ Kh6 34. Nxf6 exf6 35. Bxf6 Bb4 36. Rg8 Bxd2 37. Bg7+ Kh5 38. Bf3# 1-0


[Site "https://www.chess.com"]

[Event "Titled Tuesday Blitz March 28 Late 2023"]
[White "Mammadov, Zaur"]
[Black "Svane, Rasmus"]
[WhiteFideId "13401033"]
[BlackFideId "4657101"]
[WhiteElo "2441"]
[BlackElo "2597"]
[Result "0-1"]
[Round "10"]
[TimeControl "180+2"]
[Date "2023.03.28"]
[WhiteClock "0:00:05"]
[BlackClock "0:00:20"]

1. e4 c6 2. c4 d5 3. cxd5 cxd5 4. exd5 Nf6 5. Nc3 Nxd5 6. Nf3 g6 7. Qb3 Nb6 8. Ne5 Be6 9. Qb4 Bg7 10. Bb5+ N8d7 11. Nxd7 Bxd7 12. O-O Bxb5 13. Qxb5+ Qd7 14. Qe2 O-O 15. d3 Rfd8 16. Rd1 Rac8 17. Bg5 h6 18. Be3 Bxc3 19. bxc3 Nd5 20. Bxh6 Nxc3 21. Qe5 f6 22. Qe3 Nxd1 23. Rxd1 Kf7 24. Bf4 Qd4 25. Qf3 Qd5 26. Qh3 Rh8 27. Qe3 b6 28. a4 Rc3 29. Bg3 Qe6 30. Qd2 Rhc8 31. Qh6 g5 32. h3 Rc1 33. Rxc1 Rxc1+ 34. Kh2 Qf5 35. Qh8 Rc8 36. Qh5+ Kg7 37. Qe2 e5 38. d4 exd4 39. Qe7+ Kg6 40. Qxa7 Qe6 41. Qa6 Rd8 42. a5 d3 43. Bc7 Rd7 44. axb6 d2 0-1


[Site "https://www.chess.com"]

[Event "Titled Tuesday Blitz March 28 Late 2023"]
[White "Duda, Jan-Krzysztof"]
[Black "Costachi, Mihnea"]
[WhiteFideId "1170546"]
[BlackFideId "1217518"]
[WhiteElo "2790"]
[BlackElo "2456"]
[Result "1-0"]
[Round "10"]
[TimeControl "180+2"]
[Date "2023.03.28"]
[WhiteClock "0:00:07"]
[BlackClock "0:00:06"]

1. e4 e5 2. Nf3 Nc6 3. d4 exd4 4. Nxd4 Nf6 5. Nxc6 bxc6 6. e5 Qe7 7. Qe2 Nd5 8. c4 Nb6 9. Nd2 g6 10. b3 Bg7 11. Bb2 a5 12. a4 O-O 13. O-O-O d6 14. f4 Re8 15. Re1 dxe5 16. fxe5 Nd7 17. Nf3 Nc5 18. Qe3 Rb8 19. Nd2 Nxb3+ 20. Nxb3 Qb4 21. Qc3 Qxc3+ 22. Bxc3 Rxb3 23. Kc2 Rb7 24. Bd3 Bf8 25. Be4 Re6 26. Rd1 Be7 27. Rhf1 Rb8 28. Rf4 Ba6 29. Bf3 Bb4 30. Ba1 Bc5 31. Bg4 Re7 32. Bd7 Bb7 33. e6 fxe6 34. Re4 Bc8 35. Bxc6 Bd6 36. Bc3 e5 37. Bxa5 Bf5 38. Bc3 Bxe4+ 39. Bxe4 Kg7 40. a5 Bc5 41. a6 Bd4 42. Rxd4 exd4 43. Bxd4+ Kh6 44. a7 Rd8 45. a8=Q Rxa8 46. Bxa8 Re2+ 47. Kd3 Ra2 48. Bf3 Kg5 49. c5 Kf4 50. Kc4 g5 51. h3 h5 52. Bc6 g4 53. hxg4 hxg4 54. Bf6 g3 55. Bd8 Ra7 56. Kd5 Kf5 57. Bh4 Kg4 58. Bf6 Kf5 59. Be5 Kg4 60. Ke6 Ra5 61. Bf3+ Kh4 62. Bf6# 1-0


[Site "https://www.chess.com"]

[Event "Titled Tuesday Blitz March 28 Late 2023"]
[White "Martinez Alcantara, Jose Eduardo"]
[Black "Bartel, Mateusz"]
[WhiteFideId "3805662"]
[BlackFideId "1112635"]
[WhiteElo "2712"]
[BlackElo "2521"]
[Result "0-1"]
[Round "10"]
[TimeControl "180+2"]
[Date "2023.03.28"]
[WhiteClock "0:00:02"]
[BlackClock "0:00:06"]

1. e4 e6 2. d4 d5 3. Nd2 h6 4. c3 c5 5. Ngf3 Nf6 6. e5 Nfd7 7. Bd3 Nc6 8. O-O g5 9. dxc5 Ndxe5 10. Nxe5 Nxe5 11. Bb5+ Bd7 12. Bxd7+ Nxd7 13. b4 Bg7 14. Bb2 O-O 15. Rb1 Qc7 16. c4 d4 17. h4 e5 18. hxg5 hxg5 19. Qg4 a5 20. a3 Ra6 21. Nf3 Rg6 22. Qf5 Qd8 23. Nd2 g4 24. Ne4 Qh4 25. Bc1 Nf6 26. Ng3 e4 27. Bf4 Bh6 28. Be5 Bg5 29. Rfe1 Rh6 30. Bxf6 Rxf6 31. Qxe4 Be3 32. Rxe3 dxe3 33. Qxe3 Rd8 34. Re1 Rh6 35. Qf4 Rf6 36. Qe3 Rh6 37. b5 Re6 38. Qc1 Rxe1+ 39. Qxe1 Qf6 40. Nf1 Qf5 41. c6 bxc6 42. b6 c5 43. Ne3 Qe6 44. Qb1 Rb8 45. Nd5 Kg7 46. Qb2+ f6 47. Qb1 Re8 48. Qa2 Qe1+ 49. Kh2 Qe5+ 50. g3 Rh8+ 51. Kg2 Qe4+ 52. f3 Qxf3+ 53. Kg1 Rh1# 0-1


[Site "https://www.chess.com"]

[Event "Titled Tuesday Blitz March 28 Late 2023"]
[White "Maghsoodloo, Parham"]
[Black "koteRV1610"]
[WhiteFideId "12539929"]
[WhiteElo "2647"]
[BlackElo "2695"]
[Result "1-0"]
[Round "10"]
[TimeControl "180+2"]
[Date "2023.03.28"]
[WhiteClock "0:01:07"]
[BlackClock "0:00:21"]

1. d4 Nf6 2. c4 e6 3. Nf3 d5 4. Bg5 Bb4+ 5. Nc3 h6 6. Bxf6 Qxf6 7. Qa4+ Nc6 8. e3 O-O 9. Be2 dxc4 10. O-O Bd7 11. Bxc4 Bxc3 12. bxc3 Rfd8 13. Qa3 e5 14. Bd3 Bg4 15. Be4 exd4 16. cxd4 Re8 17. Nd2 Rad8 18. Bxc6 Qxc6 19. Rac1 Qb6 20. Rfe1 Be6 21. Nb3 Bd5 22. Nd2 a6 23. f3 Rd7 24. Rc5 Qf6 25. Rcc1 Rde7 26. Nf1 Bc6 27. Qc3 Rd7 28. Rcd1 Ba4 29. Rd2 Red8 30. Ng3 Bc6 31. Ne2 g5 32. e4 g4 33. d5 Bb5 34. Qxf6 1-0


[Site "https://www.chess.com"]

[Event "Titled Tuesday Blitz March 28 Late 2023"]
[White "Nakamura, Hikaru"]
[Black "Korchmar, Vasiliy"]
[WhiteFideId "2016192"]
[BlackFideId "24131750"]
[WhiteElo "2879"]
[BlackElo "2370"]
[Result "1-0"]
[Round "10"]
[TimeControl "180+2"]
[Date "2023.03.28"]
[WhiteClock "0:02:10"]
[BlackClock "0:00:02"]

1. e4 c5 2. Nf3 d6 3. d4 cxd4 4. Nxd4 Nf6 5. Nc3 Nc6 6. h3 g6 7. Nde2 Bg7 8. g4 O-O 9. Bg2 Rb8 10. O-O b5 11. Be3 b4 12. Nd5 Nd7 13. Nd4 Bb7 14. Nxc6 Bxc6 15. Bxa7 Ra8 16. Bd4 Bxd4 17. Qxd4 Bxd5 18. exd5 Qa5 19. Rfe1 Rfe8 20. Re2 Nc5 21. a3 Qb5 22. Bf1 Qb7 23. Re3 Ra4 24. Qd2 Rea8 25. Rae1 bxa3 26. bxa3 Rxa3 27. Rxe7 Qb2 28. Qf4 Rf8 29. Qxd6 Qxc2 30. Re8 Ne6 31. R1xe6 1-0


[Site "https://www.chess.com"]

[Event "Titled Tuesday Blitz March 28 Late 2023"]
[White "Erigaisi Arjun"]
[Black "Rustemov, Alexander"]
[WhiteFideId "35009192"]
[BlackFideId "4119002"]
[WhiteElo "2737"]
[BlackElo "2884"]
[Result "1-0"]
[Round "10"]
[TimeControl "180+2"]
[Date "2023.03.28"]
[WhiteClock "0:00:29"]
[BlackClock "0:00:13"]

1. b3 d5 2. Bb2 Nf6 3. Nf3 Bf5 4. Nh4 Bd7 5. c4 e6 6. Nf3 c5 7. e3 Nc6 8. Nc3 d4 9. Ne2 e5 10. exd4 exd4 11. Ng3 Bd6 12. Bd3 O-O 13. O-O Re8 14. Re1 g6 15. Ne4 Nxe4 16. Bxe4 Qc7 17. h3 Re7 18. d3 Rae8 19. Bc1 Bf4 20. Bxf4 Qxf4 21. Qc1 Qxc1 22. Raxc1 b6 23. a3 Ne5 24. Nxe5 Rxe5 25. f4 R5e7 26. Kf2 f5 27. Bd5+ Kg7 28. Rxe7+ Rxe7 29. b4 Re3 30. bxc5 bxc5 31. Rb1 Kf6 32. Rb7 Be8 33. Rxh7 Rxd3 34. Rxa7 Rd2+ 35. Ke1 Rc2 36. g4 fxg4 37. hxg4 d3 38. a4 Ra2 39. Ra6+ Ke7 40. Bc6 Bxc6 41. Rxc6 Rxa4 42. Rxc5 Ra2 43. Re5+ Kf6 44. g5+ Kf7 45. c5 Rc2 46. Kd1 Kf8 47. Rd5 Kf7 48. Rd7+ Ke6 49. Rd6+ Kf7 50. c6 Kg7 51. Rd7+ Kf8 52. c7 1-0


[Site "https://www.chess.com"]

[Event "Titled Tuesday Blitz March 28 Late 2023"]
[White "Holt, Conrad"]
[Black "Andreikin, Dmitry"]
[WhiteFideId "2034387"]
[BlackFideId "4158814"]
[WhiteElo "2592"]
[BlackElo "2736"]
[Result "0-1"]
[Round "10"]
[TimeControl "180+2"]
[Date "2023.03.28"]
[WhiteClock "0:00:01"]
[BlackClock "0:00:09"]

1. d4 f5 2. g3 Nf6 3. Bg2 g6 4. Nh3 Bg7 5. O-O c6 6. Nd2 d6 7. Re1 e5 8. dxe5 dxe5 9. Nc4 Nd5 10. Bg5 Qd7 11. e4 fxe4 12. Rxe4 O-O 13. Nxe5 Qc7 14. c4 Bf5 15. Re2 Nc3 16. bxc3 Bxe5 17. Qe1 Nd7 18. Rd1 Bg4 19. Rxd7 Qxd7 20. Rxe5 Bxh3 21. Re7 Qf5 22. Bh6 Rfd8 23. Bxh3 Qxh3 24. Rg7+ Kh8 25. Rxb7 Rd7 26. Qe5+ Kg8 27. Rxd7 Qxd7 28. Be3 Re8 29. Qc5 a6 30. Kg2 Qe6 31. h3 Qe4+ 32. Kh2 h5 33. Qb4 Re7 34. Qa4 Rd7 35. Qxa6 Rd1 36. Qc8+ Kf7 37. Qc7+ Ke8 38. Qc8+ Rd8 0-1


[Site "https://www.chess.com"]

[Event "Titled Tuesday Blitz March 28 Late 2023"]
[White "Naroditsky, Daniel"]
[Black "Papasimakopoulos, Alexandros"]
[WhiteFideId "2026961"]
[BlackFideId "4244125"]
[WhiteElo "2633"]
[BlackElo "2359"]
[Result "1-0"]
[Round "10"]
[TimeControl "180+2"]
[Date "2023.03.28"]
[WhiteClock "0:01:05"]
[BlackClock "0:00:01"]

1. d4 d5 2. Nc3 e6 3. Bf4 Bb4 4. e3 Nf6 5. Bd3 Nbd7 6. Nf3 c5 7. O-O c4 8. Be2 Bxc3 9. bxc3 Ne4 10. Qe1 O-O 11. a4 g5 12. Bg3 h5 13. Nd2 Nxd2 14. Qxd2 h4 15. Bd6 Re8 16. f3 Nf8 17. Ba3 Ng6 18. f4 gxf4 19. exf4 Qf6 20. Qe3 Bd7 21. Bg4 Bxa4 22. Rf2 Bd7 23. Bd6 Qg7 24. Qh3 f5 25. Bh5 Qh6 26. Bxg6 Qxg6 27. Qxh4 Kf7 28. Be5 Rg8 29. Re1 Ke8 30. Re3 Qg4 31. Rg3 Qxh4 32. Rxg8+ Kf7 33. Rxa8 a6 34. h3 Qg3 35. Rf3 Qe1+ 36. Kh2 Be8 37. Rg3 a5 38. Rg7+ Kf8 39. Rxb7 Qxc3 40. Bd6+ Kg8 41. Rxe8# 1-0


[Site "https://www.chess.com"]

[Event "Titled Tuesday Blitz March 28 Late 2023"]
[White "Deac, Bogdan-Daniel"]
[Black "Mekhane, Adam"]
[WhiteFideId "1226380"]
[BlackFideId "36050601"]
[WhiteElo "2649"]
[BlackElo "2177"]
[Result "1-0"]
[Round "10"]
[TimeControl "180+2"]
[Date "2023.03.28"]
[WhiteClock "0:01:20"]
[BlackClock "0:00:02"]

1. b3 e5 2. Bb2 Nc6 3. Nf3 e4 4. Nd4 Nxd4 5. Bxd4 Nf6 6. e3 d5 7. c4 Be7 8. Nc3 dxc4 9. Bxc4 O-O 10. O-O Bf5 11. f3 exf3 12. Qxf3 Bg6 13. Qxb7 c5 14. Bxf6 Bxf6 15. Rf2 Bh4 16. g3 Bf6 17. Raf1 Qe7 18. Qxe7 Bxe7 19. Nd5 Bd6 20. Nf4 Be4 21. Ng2 Bg6 22. Nh4 Rad8 23. Nxg6 hxg6 24. Rxf7 Kh7 25. Rxa7 Rxf1+ 26. Kxf1 Be5 27. Ke2 Kh6 28. a4 Kg5 29. a5 Kg4 30. a6 Kh3 31. Re7 Bf6 32. Rd7 Rxd7 33. Be6+ Kxh2 34. Bxd7 Kxg3 35. a7 1-0


[Site "https://www.chess.com"]

[Event "Titled Tuesday Blitz March 28 Late 2023"]
[White "Anton Guijarro, David"]
[Black "Ozer, Omer Faruk"]
[WhiteFideId "2285525"]
[BlackFideId "6354564"]
[WhiteElo "2618"]
[BlackElo "2260"]
[Result "1-0"]
[Round "10"]
[TimeControl "180+2"]
[Date "2023.03.28"]
[WhiteClock "0:00:09"]
[BlackClock "0:00:04"]

1. e4 c5 2. Nc3 Nc6 3. Nf3 e6 4. Bb5 Nge7 5. O-O a6 6. Bxc6 Nxc6 7. d4 cxd4 8. Nxd4 Qc7 9. Re1 d6 10. Nxc6 Qxc6 11. Nd5 b5 12. a4 bxa4 13. c4 Bd7 14. Bg5 h6 15. Bh4 Rb8 16. b4 g5 17. Nf6+ Ke7 18. Nd5+ Kd8 19. Qf3 Bg7 20. b5 Qc5 21. Rxa4 gxh4 22. Qxf7 exd5 23. Qxg7 Re8 24. Rxa6 dxc4 25. Rd1 Rb6 26. Ra8+ Bc8 27. Ra7 c3 28. Qf6+ 1-0


[Site "https://www.chess.com"]

[Event "Titled Tuesday Blitz March 28 Late 2023"]
[White "Demchenko, Anton"]
[Black "Herrera Reyes, Jose Antonio"]
[WhiteFideId "4160258"]
[BlackFideId "2274914"]
[WhiteElo "2545"]
[BlackElo "2273"]
[Result "1-0"]
[Round "10"]
[TimeControl "180+2"]
[Date "2023.03.28"]
[WhiteClock "0:00:05"]
[BlackClock "0:00:01"]

1. e4 c5 2. Nf3 e6 3. d4 cxd4 4. Nxd4 a6 5. Nc3 Qc7 6. a3 b6 7. Be3 Bb7 8. Bd3 Nf6 9. Qe2 d6 10. f4 Nbd7 11. O-O h5 12. h3 h4 13. Qf2 Be7 14. Rae1 Rc8 15. e5 Nh5 16. f5 Nxe5 17. fxe6 O-O 18. Qd2 Ng3 19. Rf2 fxe6 20. Rxf8+ Bxf8 21. Nxe6 Qf7 22. Ng5 Qh5 23. Bf4 Re8 24. Bxe5 dxe5 25. Bc4+ Kh8 26. Bf7 Qh6 27. Bxe8 Qf6 28. Nge4 Qe7 29. Nxg3 hxg3 30. Bg6 Qf6 31. Be4 Bc8 32. Qe2 Bc5+ 33. Kh1 Bf2 34. Rd1 g6 35. Qf3 Qe7 36. Bxg6 Bb7 37. Be4 Bc8 38. Qh5+ Kg8 39. Qg6+ Kh8 40. Rd8+ Qe8 41. Qh7# 1-0


[Site "https://www.chess.com"]

[Event "Titled Tuesday Blitz March 28 Late 2023"]
[White "Terry, Renato"]
[Black "Veiga, Jose Francisco R P Neves"]
[WhiteFideId "3803457"]
[BlackFideId "1930087"]
[WhiteElo "2579"]
[BlackElo "2320"]
[Result "1-0"]
[Round "10"]
[TimeControl "180+2"]
[Date "2023.03.28"]
[WhiteClock "0:02:20"]
[BlackClock "0:01:15"]

1. Nf3 d6 2. d4 Nf6 3. Bg5 Ne4 4. Bh4 g6 5. e3 Bg7 6. Bd3 Nf6 7. O-O O-O 8. e4 c5 9. dxc5 dxc5 10. c3 Nc6 11. Qc2 Bg4 12. Nbd2 Nd7 13. Rfe1 Nde5 14. Be2 Nxf3+ 15. Nxf3 Bxf3 16. Bxf3 Ne5 17. Be2 Qc7 18. Rad1 Rfd8 19. Rd5 Rxd5 20. exd5 Bf6 21. Bg3 Rd8 22. Qe4 Bg7 23. Bc4 f5 24. d6+ 1-0


[Site "https://www.chess.com"]

[Event "Titled Tuesday Blitz March 28 Late 2023"]
[White "Grigoriants, Sergey"]
[Black "Goltsev, Dmitry"]
[WhiteFideId "4130804"]
[BlackFideId "24176710"]
[WhiteElo "2502"]
[BlackElo "2336"]
[Result "0-1"]
[Round "10"]
[TimeControl "180+2"]
[Date "2023.03.28"]
[WhiteClock "0:00:01"]
[BlackClock "0:00:03"]

1. d4 Nf6 2. c4 e6 3. g3 d5 4. Bg2 dxc4 5. Qa4+ c6 6. Qxc4 Nbd7 7. Nc3 Nb6 8. Qd3 Be7 9. Nf3 h6 10. O-O O-O 11. b3 c5 12. Bb2 cxd4 13. Nxd4 e5 14. Nf5 Bc5 15. Qf3 Qd2 16. Bc1 Qc2 17. Nxh6+ Kh8 18. Bg5 Qg6 19. h4 Be7 20. Ne4 Nbd5 21. Rad1 gxh6 22. Nxf6 Nxf6 23. Bc1 Bg4 24. Qxb7 Bc5 25. Rd2 Rad8 26. Rxd8 Rxd8 27. Qc7 Bb6 28. Qxe5 Re8 29. Qf4 Bxe2 30. Bb2 Re6 31. Re1 Kg8 32. Bxf6 Rxf6 33. Qb8+ Kg7 34. Rxe2 Qg4 35. Qe5 Qg6 0-1


[Site "https://www.chess.com"]

[Event "Titled Tuesday Blitz March 28 Late 2023"]
[White "Ibarra Jerez, Jose Carlos"]
[Black "Javakhadze, Zurab"]
[WhiteFideId "2226332"]
[BlackFideId "13603647"]
[WhiteElo "2638"]
[BlackElo "2381"]
[Result "0-1"]
[Round "10"]
[TimeControl "180+2"]
[Date "2023.03.28"]
[WhiteClock "0:00:02"]
[BlackClock "0:00:04"]

1. e4 e5 2. Nf3 Nc6 3. Nc3 Nf6 4. h3 d6 5. d4 exd4 6. Nxd4 Nxd4 7. Qxd4 Be7 8. Bf4 O-O 9. O-O-O Be6 10. g4 Nd7 11. Kb1 Bf6 12. Qd2 Re8 13. g5 Bxc3 14. Qxc3 Nc5 15. f3 Rb8 16. Bb5 Bd7 17. Bxd7 Nxd7 18. h4 b5 19. h5 b4 20. Qd4 Ne5 21. h6 g6 22. Bg3 Qxg5 23. Bh2 Qxh6 24. Qxa7 Qg7 25. Bxe5 Qxe5 26. Qxc7 Ra8 27. Rxh7 Qe6 28. Rdh1 Rec8 29. Rh8+ Kg7 30. R1h7+ Kf6 31. Rxc8 Rxc8 32. Rxf7+ Kg5 33. f4+ Kg4 34. Qb7 Qc4 35. Qd7+ Kg3 36. Qxc8 Qf1# 0-1


[Site "https://www.chess.com"]

[Event "Titled Tuesday Blitz March 28 Late 2023"]
[White "Florescu, Codrut-Constantin"]
[Black "Moussard, Jules"]
[WhiteFideId "1202200"]
[BlackFideId "642908"]
[WhiteElo "2191"]
[BlackElo "2610"]
[Result "0-1"]
[Round "10"]
[TimeControl "180+2"]
[Date "2023.03.28"]
[WhiteClock "0:00:01"]
[BlackClock "0:00:04"]

1. e4 c5 2. Nf3 e6 3. d4 cxd4 4. Nxd4 Nc6 5. Nc3 Qc7 6. Be3 a6 7. f3 b5 8. Qd2 Bb7 9. O-O-O Nf6 10. g4 h6 11. Kb1 Rc8 12. h4 Ne5 13. Be2 d6 14. g5 hxg5 15. hxg5 Rxh1 16. Rxh1 Nfd7 17. Rh8 g6 18. Ndxb5 axb5 19. Nxb5 Qc6 20. Nxd6+ Ke7 21. Nxc8+ Qxc8 22. Qb4+ Ke8 23. Bb5 Nc6 24. Qc3 Qc7 25. a4 Qd6 26. a5 Ba8 27. a6 Kd8 28. Bxc6 Bxc6 29. Qd4 Qxd4 30. Bxd4 Kc7 31. c4 Be7 32. Rh7 Bxg5 33. Rxf7 Bd2 34. Kc2 Bb4 35. Rg7 Be1 36. Bc3 Bf2 37. b3 Kb6 38. b4 Ba4+ 39. Kb2 Bc6 40. b5 Nc5 41. bxc6 Kxa6 42. c7 Kb7 43. Rxg6 Kxc7 44. Bb4 Nd3+ 45. Ka3 Nf4 46. Rg7+ Kc6 47. Rf7 Nd3 48. f4 Be3 49. f5 exf5 50. exf5 Ne5 51. Rf8 Nxc4+ 52. Kb3 Ne5 53. f6 Bh6 54. Rh8 Bg5 55. Rf8 Nd7 56. Rc8+ Kb7 57. Re8 Bxf6 58. Kc4 Kc7 59. Kb5 Ne5 60. Bc5 Kd7 61. Ra8 Ke6 62. Ra7 Kf5 63. Rb7 Bg5 0-1


[Site "https://www.chess.com"]

[Event "Titled Tuesday Blitz March 28 Late 2023"]
[White "Cuenca Jimenez, Jose Fernando"]
[Black "Bernadskiy, Vitaliy"]
[WhiteFideId "2255570"]
[BlackFideId "14100371"]
[WhiteElo "2429"]
[BlackElo "2488"]
[Result "0-1"]
[Round "10"]
[TimeControl "180+2"]
[Date "2023.03.28"]
[WhiteClock "0:00:01"]
[BlackClock "0:00:04"]

1. c4 d6 2. Nc3 g6 3. d4 Bg7 4. e4 Nf6 5. h3 O-O 6. Be3 Nbd7 7. Nf3 a6 8. Be2 c6 9. Qc2 b5 10. c5 dxc5 11. dxc5 e5 12. O-O Nh5 13. g3 Qe7 14. b4 f5 15. exf5 gxf5 16. Nh4 Nf4 17. Nxf5 Rxf5 18. Qxf5 Nf6 19. Qc2 Nxe2+ 20. Qxe2 Bxh3 21. Rfd1 Rf8 22. Bg5 h6 23. Bxf6 Qxf6 24. Ne4 Qf5 25. Rd6 Bg4 26. Qe3 Qh5 27. Nd2 Qh3 28. Re1 Rf5 29. Rd8+ Kf7 30. Rd7+ Kg8 31. Rd8+ Kf7 32. Qb3+ Ke7 33. Qd3 Rh5 34. Qd6+ Kf7 35. Qc7+ Kg6 36. Rd6+ Kh7 37. Qxc6 Qh2+ 38. Kf1 Qh1+ 39. Qxh1 Rxh1+ 40. Kg2 Rxe1 41. c6 Rc1 42. Ne4 Rc2 43. Nc5 Bf8 44. Rd5 Bxc5 45. bxc5 e4 46. c7 Rc1 47. Rd8 Bf3+ 48. Kh3 Rh1# 0-1


[Site "https://www.chess.com"]